 Dungeon Crawl Stone Soup version 0.31-a0-851-g7ff8af7976 (webtiles) character file.

Game seed: 14056961277638236694

23 Nattfarinn the Changeling (level 3, 0/27 (29) HPs)
             Began as a Formicid Shapeshifter on Oct 5, 2023.
             Slain by Terence
             ... wielding a +2 mace of protection
              (4 damage)
             ... on level 2 of the Dungeon.
             The game lasted 00:01:14 (1016 turns).

Nattfarinn the Changeling (Formicid Shapeshifter)   Turns: 1016, Time: 00:01:15

HP:   0/27 (29)     AC:  2    Str: 20    XL:     3   Next: 10%
MP:   3/3           EV:  9    Int:  9    God:
Gold: 57            SH:  0    Dex: 13    Spells: 2/2 levels left

rFire   . . .        i - +0 spear
rCold   . . .        (no shield)
rNeg    . . .        a - +0 animal skin
rPois   .            (helmet unavailable)
rElec   .            (cloak currently unavailable)
rCorr   .            (gloves currently unavailable)
SInv    +            (boots currently unavailable)
Will    .....        (no amulet)
Stlth   +            (no ring)
HPRegen 0.24/turn    (no ring)
MPRegen 0.08/turn

%: no passive effects
@: beast-form, constricted, drained
A: beast (slay +1), permanent stasis, dig shafts and tunnels, antennae 3, four
strong arms
a: Dig, Shaft Self, Begin Untransformation


You were on level 2 of the Dungeon.
You were a hulking beast.
You visited 1 branch of the dungeon, and saw 2 of its levels.

You collected 57 gold pieces.

Inventory:

Hand Weapons
 i - a +0 spear (weapon)
Armour
 a - a +0 animal skin (worn)
 f - a +0 pair of gloves
Talismans
 c - a beast talisman (active)
 d - a flux talisman
Scrolls
 e - 4 scrolls of identify {unknown}
 g - a scroll of immolation {unknown}
 h - a scroll of blinking {unknown}
 j - a scroll of summoning {unknown}
Potions
 b - a potion of lignification
 k - a potion of heal wounds {unknown}
 l - a potion of magic {unknown}


   Skills:
 + Level 3.1 Fighting
 - Level 1.7 Dodging
 - Level 3.0 Unarmed Combat
 - Level 3.2 Shapeshifting


You had 2 spell levels left.
You didn't know any spells.
Your spell library contained the following spells:

 Spells                   Type           Power      Damage    Failure   Level
 Magic Dart               Conj           0%         1d3       38%         1
 Searing Ray              Conj           0%         2d4       52%         2
 Fulminant Prism          Conj/Hex       0%         3d5       99%         4


Dungeon Overview and Level Annotations

Branches:
Dungeon (2/15)

Altars:

Annotations:
D:2 Terence


Innate Abilities, Weirdness & Mutations

You are a hulking beast.
Your limbs bulge with bestial killing power. (Slay +1)
You cannot be hasted, slowed, berserked, paralysed or teleported.
You can dig through walls and to a lower floor.
You have a pair of large antennae on your head. (SInv)
Your four strong arms can wield two-handed weapons with a shield.


Message History

The ball python misses you. The ball python closely misses you.
Terence closely misses you. The ball python closely misses you.
The ball python barely misses you.
You barely miss Terence.
Terence is moderately wounded.
Terence barely misses you. The ball python bites you.
The ball python grabs you. The ball python constricts you.
You barely miss the ball python. The ball python bites you.
The ball python constricts you. Terence closely misses you.
You are too injured to fight recklessly!
You are too injured to fight recklessly!
You are too injured to fight recklessly!
You are too injured to fight recklessly!
You are too injured to fight recklessly!
You are too injured to fight recklessly!
You are too injured to fight recklessly!
You are too injured to fight recklessly!
You are too injured to fight recklessly!
You are too injured to fight recklessly!
You are too injured to fight recklessly!
You are too injured to fight recklessly!
You are too injured to fight recklessly!
You are too injured to fight recklessly!
Unknown command.
You barely miss Terence.
Terence is lightly wounded.
The ball python bites you but does no damage.
The ball python constricts you.
Terence hits you with a +2 mace of protection.
* * * LOW HITPOINT WARNING * * *
The ball python closely misses you. The ball python constricts you.
Terence hits you with a +2 mace of protection.
* * * LOW HITPOINT WARNING * * *
Unknown command.
You hit Terence.
Terence is moderately wounded.
The ball python bites you but does no damage.
The ball python constricts you.
Terence hits you with a +2 mace of protection.
You die...

#.. ..# #.# #.# #.#
#.# #.# #.#
#.####.####.#
##<..........#
#............#
#..####.####.## #..#
#.#..$..#####.=.
#..####.#.....h@rw....
#..(....>.....#S>.....
#..####.......##.#####
#..# #.#.....# ## #.(#
#.###..... #... ...
....... #.##
##.###..#.## #. ...
...#.# ## #.#


You could see Terence, a dart slug, a ball python and a rat.

Vanquished Creatures
  2 dart slugs (D:1)
  3 ball pythons (D:1)
  2 bats (D:1)
  An endoplasm (D:1)
  A giant cockroach (D:1)
  A goblin (D:1)
  A hobgoblin (D:1)
  2 jackals (D:1)
  2 kobolds (D:1)
  A frilled lizard (D:1)
  A rat (D:1)
17 creatures vanquished.

Notes
Turn   | Place    | Note
-------+----------+-------------------------------------------
     0 | D:1      | Nattfarinn the Formicid Shapeshifter began the quest for
                  | the Orb.
     0 | D:1      | Reached XP level 1. HP: 15/15 MP: 1/1
    51 | D:1      | Reached XP level 2. HP: 3/22 MP: 2/2
    54 | D:1      | HP: 1/22 [dart slug (2)]
   465 | D:1      | Reached XP level 3. HP: 29/29 MP: 3/3
  1002 | D:2      | Noticed Terence
  1016 | D:2      | Slain by Terence

Illustrated notes

Levels and vault maps discovered:
D:1:      dpeg_arrival_water_temple_mockup, layout_loops_ring, serial_forest,
          infiniplex_forest_clump_medium, infiniplex_forest_lined_2,
          infiniplex_forest_clump_medium, infiniplex_forest_pool
D:2:      layout_loops_ring, basic_altar, uniq_terence

Skill      XL: |  1  2 |
---------------+-------+-----
Fighting       | 2 3 |  3.1
Dodging        | |  1.7
Unarmed Combat | |  3.0
Shapeshifting  | |  3.2

Action                     || total
---------------------------++-------
  Melee: Unarmed           ||    25
         Punch             ||     1
         Spear             ||    29
   Stab: Sleeping          ||     2
 Armour: Animal skin       ||    40
  Dodge: Dodged            ||    39

Table legend: (Time is in decaauts)
 A = Elapsed time spent in this place.
 B = Non-inter-level travel time spent in this place.
 C = Inter-level travel time spent in this place.
 D = Time resting spent in this place.
 E = Time spent auto-exploring this place.
 F = Levels seen in this place.
 G = Mean time per level.
                   A        B        C        D        E       F      G
               +--------+--------+--------+--------+--------+-----+--------+
         Total |   1018 |    945 |     73 |      0 |    812 |   2 |  509.0 |
       Dungeon |   1018 |    945 |     73 |      0 |    812 |   2 |  509.0 |
               +--------+--------+--------+--------+--------+-----+--------+

Top non-repeatable levels by time:
     D:1: 987 daAuts
     D:2: 30 daAuts
